[Event "*** Titled Tuesday Blitz"]
[Site "Chess.com"]
[Date "2020.11.10"]
[Round "5"]
[White "tandaleo"]
[Black "NefeLV"]
[Result "1-0"]
[WhiteElo "2301"]
[BlackElo "1759"]
[TimeControl "180+1"]
[EndTime "10:57:41 PST"]
[Termination "tandaleo won by checkmate"]

1. d4 g6 2. c4 Bg7 3. e4 d6 4.
Nc3 Nf6 5. Be3 O-O 6. Be2 Nbd7 7. g4 c5 8. g5 Ne8 9. h4 cxd4 10. Bxd4 e5 11.
Be3 Nc5 12. h5 gxh5 13. Bxh5 Qa5 14. Qd2 Be6 15. Be2 Qb4 16. Nf3 Bxc4 17. Bxc4 Qxc4 18. Qc2 Nd3+ 19. Kd2 Nb4 20. Qb3 Qd3+ 21. Kc1 a5 22.
Rd1 Qa6 23. a3 Nd3+ 24. Kc2 Nf4 25. Nh4 Nc7 26. Nf5 Rad8 27. Rd2 Nce6 28. Rh1 Nxg5 29. Bxf4 exf4 30. f3 Ne6 31. Rdh2 h6 32. Nxh6+ Bxh6 33. Rxh6 Nd4+ 34. Kb1 Nxb3 35. Rg1# 1-0

[Event "*** Titled Tuesday Blitz"]
[Site "Chess.com"]
[Date "2020.11.10"]
[Round "5"]
[White "paulrusan"]
[Black "IsuruAlahakoon"]
[Result "0-1"]
[WhiteElo "2224"]
[BlackElo "2492"]
[TimeControl "180+1"]
[EndTime "10:57:45 PST"]
[Termination "IsuruAlahakoon won by resignation"]

1. e4 d5 2. exd5 Qxd5 3. Nc3 Qa5 4. d4 Nf6 5. Bd2 Bg4 6. Nf3 Nc6 7. Bc4 O-O-O 8. Nd5 Qa4 9. b3 Qa3 10. Bc1 Qd6 11.
Bf4 Qd7 12. Nxf6 gxf6 13. c3 e5 14. Be3 exd4 15. cxd4 Bb4+ 16. Kf1 Bc3 17. Rc1 Nxd4 18. Rxc3 Nxf3 19. Rd3 Nxh2+ 20. Rxh2 Bxd1 21. Rxd7 Rxd7 22. Rh6 Bg4 23. f3 Be6 24. Bxe6 fxe6 25. Rxf6 Re8 26. Ke2 Rg7 27. g4 b6 28. a4 e5 29. Kd3 Rd7+ 30. Ke4 Ree7 31. b4 a6 32. b5 axb5 33. axb5 Rd6 34.
Rxd6 cxd6 35. Bxb6 Rb7 36. Be3 Rxb5 37. Kf5 Rb3 38.
Ke4 d5+ 39. Kxe5 Rxe3+ 40. Kxd5 Rxf3 0-1

[Event "*** Titled Tuesday Blitz"]
[Site "Chess.com"]
[Date "2020.11.10"]
[Round "5"]
[White "Skat2704"]
[Black "ukchessbomber"]
[Result "1-0"]
[WhiteElo "2428"]
[BlackElo "2229"]
[TimeControl "180+1"]
[EndTime "10:57:45 PST"]
[Termination "Skat2704 won on time"]

1. d4 Nf6 2. c4 g6 3. Nc3 Bg7 4. e4 d6 5. Be2 O-O 6. Nf3 c5 7. d5 e6 8. O-O exd5 9. cxd5 Re8 10. Nd2 a6 11. a4 Nbd7 12. f3 Rb8 13. Nc4 Nh5 14. Nxd6 Bd4+ 15. Kh1 Be5 16. Nxe8 Qh4 17. f4 Ng3+ 18. Kg1 Bd4+ 19. Rf2 Bxf2+ 20. Kxf2 Nxe4+ 21. Kg1 Qf2+ 22. Kh1 Nxc3 23. bxc3 Nb6 24. Ba3 1-0

[Event "*** Titled Tuesday Blitz"]
[Site "Chess.com"]
[Date "2020.11.10"]
[Round "5"]
[White "GM_Crest"]
[Black "gilbert_gm"]
[Result "1-0"]
[WhiteElo "2740"]
[BlackElo "2552"]
[TimeControl "180+1"]
[EndTime "10:57:46 PST"]
[Termination "GM_Crest won by resignation"]

1. d4 Nf6 2. c4 e6 3. Nc3 Bb4 4.
e3 O-O 5. Ne2 d5 6. a3 Be7 7.
cxd5 exd5 8. g3 c6 9. Bg2 Bg4 10. h3 Bh5 11. g4 Bg6 12. Nf4 Bd6 13. O-O Qd7 14. g5 Bxf4 15. exf4 Ne4 16. Nxe4 Bxe4 17.
Bxe4 dxe4 18. Qg4 Qd6 19. f5 Na6 20. Bf4 Qd7 21. f6 Qxd4 22. Rfd1 Qc4 23. fxg7 Rfd8 24.
Be5 Nc5 25. Bf6 Rxd1+ 26. Rxd1 Nd3 27. g6 Qc5 28. gxh7+ Kxh7 29. Qxe4+ 1-0

[Event "*** Titled Tuesday Blitz"]
[Site "Chess.com"]
[Date "2020.11.10"]
[Round "5"]
[White "Ladislav1969"]
[Black "maximnovik"]
[Result "0-1"]
[WhiteElo "2273"]
[BlackElo "2517"]
[TimeControl "180+1"]
[EndTime "10:57:46 PST"]
[Termination "maximnovik won by checkmate"]

1. e4 c6 2. d4 d5 3. e5 Bf5 4. Nd2 c5 5. dxc5 Nc6 6. Ngf3 e6 7. Nb3 Bxc5 8. Nxc5 Qa5+ 9. c3 Qxc5 10. Be3 Qa5 11. Nd4 Nxd4 12. Bxd4 Ne7 13. Qe2 O-O 14. g4 Be4 15. f3 Bg6 16. Bg2 Nc6 17. O-O Nxd4 18. cxd4 Qb4 19. Rfd1 Rac8 20. Qd2 Qa4 21. b3 Qa3 22. Rdc1 h5 23. h3 a5 24. Bf1 a4 25.
Rc3 axb3 26. Rxb3 Qa7 27. Rb2 Rc7 28. Qb4 Rfc8 29. Qb6 Qa3 30. Qb3 Qe7 31. a4 Rc3 32. Qxb7 Qh4 33. Rf2 Rc2 34. Be2 Qxh3 35. Rg2 hxg4 36.
fxg4 Qe3+ 37. Kh2 R8c3 38. Qb8+ Kh7 39. Rh1 Rxe2 40. Rxe2 Qg3# 0-1

[Event "*** Titled Tuesday Blitz"]
[Site "Chess.com"]
[Date "2020.11.10"]
[Round "5"]
[White "Tenamu"]
[Black "GameOverBro"]
[Result "0-1"]
[WhiteElo "2315"]
[BlackElo "2512"]
[TimeControl "180+1"]
[EndTime "10:57:50 PST"]
[Termination "GameOverBro won by checkmate"]

1. d4 d6 2. e4 Nf6 3. Nc3 e5 4.
dxe5 dxe5 5. Qxd8+ Kxd8 6. Bc4 Ke8 7. Bg5 Nbd7 8. O-O-O a6 9. Nf3 Bd6 10. Rhe1 b5 11. Bb3 Bb7 12. Nh4 g6 13. f4 h6 14.
Bxf6 Nxf6 15. Nf3 Nd7 16. Nd5 Rc8 17. f5 Nc5 18. fxg6 Nxb3+ 19. axb3 fxg6 20. Nh4 Kf7 21. Rf1+ Kg7 22. Rf6 Bxd5 23. Rxg6+ Kh7 24. exd5 Rhf8 25. Re6 Rf2 26. h3 a5 27. g4 a4 28. bxa4 bxa4 29.
Nf5 a3 30. bxa3 Bxa3+ 31. Kb1 Rb8+ 32. Ka1 Bb2+ 33. Ka2 Rxc2 34. Rxh6+ Kg8 35. Rg6+ Kf7 36. Rg7+ Kf6 37. Rf1 Bd4+ 38. Ka3 Bc5+ 39. Ka4 Ra2# 0-1

[Event "*** Titled Tuesday Blitz"]
[Site "Chess.com"]
[Date "2020.11.10"]
[Round "5"]
[White "GOGIEFF"]
[Black "BocharovD"]
[Result "1/2-1/2"]
[WhiteElo "2893"]
[BlackElo "2775"]
[TimeControl "180+1"]
[EndTime "10:57:51 PST"]
[Termination "Game drawn by agreement"]

1. d4 d5 2. c4 e6 3. Nc3 Nf6 4. cxd5 exd5 5. Bg5 Be7 6. e3 O-O 7. Bd3 c6 8. Qc2 Nbd7 9. Nf3 Re8 10. O-O Nf8 11. h3 Be6 12. Ne5 N6d7 13. Bxe7 Rxe7 14. f4 f6 15. Nf3 Rc8 16. Rae1 Bf7 17. f5 c5 18. Qf2 cxd4 19. exd4 Nb6 20. Rxe7 Qxe7 21. Re1 Qd7 22. Ne2 Qd6 23. Qg3 Qxg3 24. Nxg3 Nfd7 25.
Ne2 Re8 26. Kf2 Kf8 27. g4 Nc4 28. b3 Nd6 29. Nf4 Rxe1 30. Kxe1 Ke7 31. h4 h6 32. Kd2 Nb8 33. Ke3 Nc6 34. g5 hxg5 35. hxg5 fxg5 36. Nxg5 Bg8 37. Bb1 Kf6 38. Nge6 Bxe6 39. fxe6 Ne7 40. Nh5+ Kxe6 41. Nxg7+ Kf6 42. Nh5+ 1/2-1/2

[Event "*** Titled Tuesday Blitz"]
[Site "Chess.com"]
[Date "2020.11.10"]
[Round "5"]
[White "LaStreetCmaMaison"]
[Black "lilleper1"]
[Result "1-0"]
[WhiteElo "2641"]
[BlackElo "2819"]
[TimeControl "180+1"]
[EndTime "10:57:52 PST"]
[Termination "LaStreetCmaMaison won by resignation"]

1. e4 c5 2. Nf3 e6 3. d4 cxd4 4. Nxd4 Nc6 5. Nc3 Qc7 6. Be3 a6 7. Be2 Nf6 8. O-O Bb4 9. Na4 Be7 10. c4 Nxe4 11. c5 O-O 12. Rc1 f5 13. Bf3 Ng5 14.
Re1 e5 15. Nb6 exd4 16. Nxa8 Nxf3+ 17. Qxf3 Qb8 18. Qd5+ Kh8 19. Bxd4 Qxa8 20. Rxe7 Nxe7 21. Qd6 Ng6 22. Re1 b6 23. Re7 Qc6 24. Rxg7 Qxd6 25.
cxd6 1-0

[Event "*** Titled Tuesday Blitz"]
[Site "Chess.com"]
[Date "2020.11.10"]
[Round "5"]
[White "Nils_03"]
[Black "Nikithebest"]
[Result "0-1"]
[WhiteElo "2241"]
[BlackElo "2440"]
[TimeControl "180+1"]
[EndTime "10:57:52 PST"]
[Termination "Nikithebest won by resignation"]

1. Nf3 e6 2. g3 g5 3. h3 h5 4. Bg2 Bg7 5. d4 g4 6. hxg4 hxg4 7. Rxh8 Bxh8 8. Nh4 Nc6 9. c3 d6 10. e4 e5 11. d5 Nce7 12. Bg5 Bf6 13. Qd2 Nxd5 14. Bxf6 Ndxf6 15. Na3 Be6 16. O-O-O Qd7 17. Kb1 O-O-O 18.
Qg5 Qa4 19. Rc1 Nd7 20. Nf5 Ngf6 21. Ne7+ Kb8 22. Nd5 Rg8 23. Qd2 Nxe4 24. Qd3 Ndc5 25. Qd1 Qxd1 26. Rxd1 Nxf2 27. Rf1 Nfe4 28. Ne7 Rh8 29.
Re1 f5 30. Bxe4 Nxe4 31. Nc2 Nxg3 32. Ne3 f4 33. N3d5 Bxd5 34. Nxd5 Rh1 35. Rxh1 Nxh1 36. Kc2 g3 37. Kd2 g2 0-1

[Event "*** Titled Tuesday Blitz"]
[Site "Chess.com"]
[Date "2020.11.10"]
[Round "5"]
[White "vrekhson"]
[Black "Bodnar_Mykola"]
[Result "0-1"]
[WhiteElo "2196"]
[BlackElo "2374"]
[TimeControl "180+1"]
[EndTime "10:57:52 PST"]
[Termination "Bodnar_Mykola won by resignation"]

1. e4 c5 2. c3 Nf6 3. e5 Nd5 4.
d4 cxd4 5. Nf3 Nc6 6. Bc4 Nb6 7. Bb3 d6 8. exd6 e6 9. cxd4 Bxd6 10.
O-O O-O 11. Nc3 Nd5 12. Bc2 Be7 13. a3 b6 14. Re1 Bb7 15. Ne4 g6 16. Neg5 Bf6 17.
h4 Rc8 18. h5 Nxd4 19. hxg6 Nxc2 20. Nd4 hxg6 21. Ngxe6 fxe6 22. Nxe6 Qd6 23. Nxf8 Nxe1 24. Nxg6 Nxg2 25. Qh5 Ndf4 26. Nxf4 Nxf4 27. Bxf4 Qxf4 28. Qg6+ Kh8 29. Qh5+ Kg7 30. Rd1 Rc1 31. Rxc1 Qxc1+ 32. Kh2 Qh1+ 0-1

[Event "*** Titled Tuesday Blitz"]
[Site "Chess.com"]
[Date "2020.11.10"]
[Round "5"]
[White "Gogolev_Artemy"]
[Black "esapunov"]
[Result "0-1"]
[WhiteElo "2495"]
[BlackElo "2709"]
[TimeControl "180+1"]
[EndTime "10:57:53 PST"]
[Termination "esapunov won by resignation"]

1. Nf3 Nf6 2. c4 g6 3. b3 Bg7 4.
Bb2 O-O 5. e3 d6 6. d4 Nbd7 7.
Be2 Re8 8. O-O c6 9. Nc3 e5 10.
d5 c5 11. a3 a6 12. b4 b6 13. bxc5 Nxc5 14. Nd2 Qc7 15. Na4 Nfd7 16. Nxc5 Nxc5 17. a4 Bd7 18. Bc3 e4 19. Bxg7 Kxg7 20. Qc2 a5 21. Rfb1 Rab8 22. Bd1 Qd8 23. Qb2+ Qf6 24. Ra2 Rb7 25. Qxf6+ Kxf6 26. Rba1 Rc8 27. Nb3 Na6 28.
Be2 Ke5 29. f4+ exf3 30. gxf3 g5 31. Kf2 Nc5 32. Nxc5 bxc5 33. Rg1 h6 34. h4 f6 35. hxg5 fxg5 36. Rh1 Rh8 37. Bd1 h5 38. f4+ gxf4 39.
exf4+ Kxf4 40. Rh4+ Kg5 41. Kg3 Rb1 42. Bf3 Rg1+ 43.
Rg2 Rxg2+ 44. Bxg2 Bg4 45. Bf3 Bxf3 0-1

[Event "*** Titled Tuesday Blitz"]
[Site "Chess.com"]
[Date "2020.11.10"]
[Round "5"]
[White "Javylavilla"]
[Black "No_t_ime_to_die"]
[Result "0-1"]
[WhiteElo "2261"]
[BlackElo "2479"]
[TimeControl "180+1"]
[EndTime "10:57:53 PST"]
[Termination "No_t_ime_to_die won by checkmate"]

1. e4 c5 2. Nf3 Nc6 3. d4 cxd4 4. Nxd4 Nf6 5. Nc3 e5 6. Ndb5 d6 7. Bg5 a6 8. Na3 b5 9. Nd5 Be7 10. Bxf6 Bxf6 11. c4 b4 12. Nc2 O-O 13. g3 Bg5 14.
Bg2 a5 15. O-O Ne7 16. f4 Nxd5 17. cxd5 exf4 18. gxf4 Bf6 19. Rb1 a4 20. Kh1 Qb6 21. a3 b3 22. Nb4 Ba6 23. Rf3 Rfc8 24. Nc6 Bb5 25. e5 Bxc6 26. exf6 Bd7 27. fxg7 Rc2 28. Qd3 Rac8 29. Bh3 Bxh3 30. Rxh3 Rc1+ 31. Rxc1 Rxc1+ 32. Kg2 Qg1+ 33. Kf3 Rf1+ 34. Ke4 f5+ 35. Kxf5 Qg6# 0-1

[Event "*** Titled Tuesday Blitz"]
[Site "Chess.com"]
[Date "2020.11.10"]
[Round "5"]
[White "AlphaZ3r0"]
[Black "DonPreuss"]
[Result "0-1"]
[WhiteElo "2384"]
[BlackElo "2243"]
[TimeControl "180+1"]
[EndTime "10:57:56 PST"]
[Termination "DonPreuss won by resignation"]

1. Nf3 Nc6 2. c4 e5 3. Nc3 Bc5 4. e3 a6 5. d4 exd4 6. exd4 Ba7 7. d5 Nce7 8. Bd3 d6 9. O-O Bg4 10. Re1 Qd7 11. h3 Bh5 12. Be3 Bxe3 13. Rxe3 h6 14.
Qe2 O-O-O 15. Re1 Nf5 16. Bxf5 Qxf5 17. g4 Bxg4 18. hxg4 Qxg4+ 19. Kh1 Nf6 20. Nh2 Qh4 21. Ne4 Nh5 22. Qg4+ Qxg4 23. Nxg4 f5 24. Rh3 Nf4 25. Rf3 g5 26. Nxd6+ cxd6 27. Nf6 Rhf8 0-1

[Event "*** Titled Tuesday Blitz"]
[Site "Chess.com"]
[Date "2020.11.10"]
[Round "5"]
[White "IngOscarArdila"]
[Black "dpopadic"]
[Result "0-1"]
[WhiteElo "2127"]
[BlackElo "2350"]
[TimeControl "180+1"]
[EndTime "10:57:56 PST"]
[Termination "dpopadic won by resignation"]

1. d4 Nf6 2. c4 g6 3. Nc3 Bg7 4. e4 d6 5. Nf3 O-O 6. Be2 e5 7. d5 a5 8. O-O Na6 9. Bg5 h6 10. Bxf6 Qxf6 11. a3 Bd7 12. Rb1 Nc5 13. b4 axb4 14.
axb4 Na4 15. Nxa4 Bxa4 16. Qd2 Bd7 17. Ra1 Qe7 18. Qb2 f5 19. Nd2 Qg5 20. Rxa8 Rxa8 21. Nf3 Qd8 22. Bd3 f4 23. Ra1 Bf8 24. Ne1 b6 25. f3 Qb8 26. Bf1 Ra7 27. Rxa7 Qxa7 28.
Nd3 Qa4 29. h3 Qd1 30. Qe2 Qb3 31. c5 Bb5 32. Qd2 Bxd3 33. Bxd3 dxc5 34. bxc5 Bxc5+ 35. Kh2 Qa3 36. Qd1 Qb2 37. h4 Qf2 0-1

[Event "*** Titled Tuesday Blitz"]
[Site "Chess.com"]
[Date "2020.11.10"]
[Round "5"]
[White "TST2014"]
[Black "BikingBrian"]
[Result "1/2-1/2"]
[WhiteElo "2491"]
[BlackElo "2272"]
[TimeControl "180+1"]
[EndTime "10:57:57 PST"]
[Termination "Game drawn by repetition"]

1. d4 Nf6 2. c4 g6 3. Nc3 Bg7 4.
e4 d6 5. Nf3 O-O 6. Be2 Na6 7.
O-O e5 8. Be3 Ng4 9. Bg5 Qe8 10.
h3 f6 11. Bd2 Nh6 12. Be3 f5 13. Bxh6 Bxh6 14. dxe5 dxe5 15. Qd5+ Kh8 16. Qxe5+ Bg7 17. Qxe8 Rxe8 18. Rac1 fxe4 19. Ng5 Bh6 20. Ncxe4 Bxg5 21. Nxg5 Rxe2 22. Rfe1 Rxe1+ 23. Rxe1 Bf5 24. Re7 h6 25. Nh7 Kg8 26. g4 Bb1 27. Nf6+ Kf8 28. Rh7 Rd8 29.
Nd7+ Ke8 30. Nf6+ Kf8 31. Nd7+ Ke8 32. Nf6+ Kf8 1/2-1/2

[Event "*** Titled Tuesday Blitz"]
[Site "Chess.com"]
[Date "2020.11.10"]
[Round "5"]
[White "Ashedu66"]
[Black "zverr1"]
[Result "0-1"]
[WhiteElo "2229"]
[BlackElo "2407"]
[TimeControl "180+1"]
[EndTime "10:57:58 PST"]
[Termination "zverr1 won by resignation"]

1. d4 Nf6 2. Nf3 g6 3. c4 Bg7 4. Nc3 d5 5. Bf4 O-O 6. Rc1 c5 7. dxc5 Be6 8. Ng5 Nc6 9. Nxe6 fxe6 10. e3 e5 11. Bg3 d4 12. Nd5 Ne4 13. Bd3 Nxg3 14.
hxg3 e6 15. Qg4 exd5 16. cxd5 Nb4 17. Bc4 Qf6 18. f4 dxe3 19. d6+ Kh8 20. Ke2 exf4 21. Rxh7+ Kxh7 22. Rh1+ Bh6 23. Rxh6+ Kxh6 24. Qh3+ Kg7 25. Qd7+ Rf7 26. Bxf7 Qxf7 0-1

[Event "*** Titled Tuesday Blitz"]
[Site "Chess.com"]
[Date "2020.11.10"]
[Round "5"]
[White "GM4life"]
[Black "KacperPolOK"]
[Result "1-0"]
[WhiteElo "2267"]
[BlackElo "2437"]
[TimeControl "180+1"]
[EndTime "10:57:59 PST"]
[Termination "GM4life won by checkmate"]

1. d4 f5 2. Nc3 Nf6 3. Bg5 d5 4.
Bxf6 exf6 5. e3 Bb4 6. Bd3 O-O 7. Ne2 c6 8. a3 Bd6 9. Ng3 f4 10. exf4 Bxf4 11. O-O g6 12. Qf3 Bxg3 13. hxg3 Be6 14. Rfe1 Qd6 15. Re3 Nd7 16. Rae1 Rae8 17. Ne2 Bf7 18. Nf4 Kg7 19. b4 b6 20. c3 f5 21.
g4 fxg4 22. Qxg4 Nf6 23. Qg3 Qd7 24. Re5 Rxe5 25. dxe5 Ne8 26. e6 Qe7 27. Nh5+ Kg8 28. exf7+ Qxf7 29. Re2 Nf6 30. Nxf6+ Qxf6 31. Qe5 Kg7 32.
Qxf6+ Kxf6 33. g3 Rc8 34. Ba6 Rc7 35. a4 c5 36. Rd2 Ke5 37. f4+ Ke4 38. Kf2 cxb4 39.
Bd3# 1-0

[Event "*** Titled Tuesday Blitz"]
[Site "Chess.com"]
[Date "2020.11.10"]
[Round "5"]
[White "Legendinunknown"]
[Black "SerGo055"]
[Result "1-0"]
[WhiteElo "2713"]
[BlackElo "2440"]
[TimeControl "180+1"]
[EndTime "10:58:01 PST"]
[Termination "Legendinunknown won by checkmate"]

1. d4 Nf6 2. c4 e6 3. Nc3 d5 4.
Nf3 c6 5. Bg5 dxc4 6. e4 b5 7. e5 h6 8. Bh4 g5 9. Nxg5 hxg5 10.
Bxg5 Nbd7 11. g3 Bb7 12. Bg2 Qb6 13. exf6 O-O-O 14. O-O c5 15. d5 Ne5 16. Qe2 Nd3 17.
dxe6 Bxg2 18. Kxg2 Qc6+ 19. f3 fxe6 20. a4 b4 21. Nb5 Kb7 22. b3 cxb3 23. f7 Rd7 24.
Rad1 c4 25. Be3 Bc5 26. Bxc5 Qxc5 27. Qxe6 Qe7 28. Qxe7 Rxe7 29. Nd6+ Ka6 30. f4 Nb2 31. Rde1 Rd7 32. Re8 Rxf7 33. Rxh8 Rd7 34. Rh6 Ka5 35. f5 c3 36. f6 Rxd6 37. f7 Rd8 38. Rf5+ Kxa4 39.
Ra6# 1-0

[Event "*** Titled Tuesday Blitz"]
[Site "Chess.com"]
[Date "2020.11.10"]
[Round "5"]
[White "AsaHoffmann"]
[Black "mamonika"]
[Result "1-0"]
[WhiteElo "2397"]
[BlackElo "2023"]
[TimeControl "180+1"]
[EndTime "10:58:02 PST"]
[Termination "AsaHoffmann won by resignation"]

1. d4 Nf6 2. Bg5 Ne4 3. Bf4 d5 4. f3 Nf6 5. e4 dxe4 6. Nc3 Nd5 7.
Nxd5 Qxd5 8. Bxc7 Nc6 9. c3 exf3 10. Nxf3 Bg4 11. Be2 e6 12. O-O Rc8 13. Bg3 Be7 14.
Qb3 Qxb3 15. axb3 a6 16. b4 O-O 17. b5 axb5 18. Bxb5 Ra8 19. Bxc6 bxc6 20. Ne5 Be2 21. Nxc6 Bg5 22. Rfe1 Bb5 23. Ne5 f6 24. Nf3 Be3+ 25. Kh1 Bh6 26. h3 Kf7 27. b3 Bc6 28. c4 g5 29. b4 g4 30. hxg4 Rg8 31. Rxa8 Bxa8 32. g5 Bxg5 33. Nxg5+ Rxg5 34. Re3 h5 35. b5 h4 36.
Bxh4 Rxg2 37. d5 exd5 38. Kxg2 d4+ 39. Rf3 Bxf3+ 40. Kxf3 Ke6 41. Bxf6 Kxf6 42. Ke4 Ke6 43. Kxd4 Kd6 44. c5+ Kc7 45. Kd5 Kd7 46. b6 Kc8 47.
Kc6 Kb8 48. b7 Ka7 49. Kc7 Ka6 50. b8=Q 1-0

[Event "*** Titled Tuesday Blitz"]
[Site "Chess.com"]
[Date "2020.11.10"]
[Round "5"]
[White "Borsuk_Konstantin"]
[Black "Fandorine"]
[Result "0-1"]
[WhiteElo "2611"]
[BlackElo "2834"]
[TimeControl "180+1"]
[EndTime "10:58:04 PST"]
[Termination "Fandorine won on time"]

1. d4 Nf6 2. c4 g6 3. Nc3 Bg7 4. e4 O-O 5. Be3 d6 6. f3 a6 7. Qd2 Nbd7 8. Nge2 b5 9. cxb5 axb5 10. Nxb5 c6 11. Nbc3 e5 12. Nc1 d5 13. exd5 Nxd5 14.
Nxd5 cxd5 15. Be2 exd4 16. Bxd4 Qh4+ 17. Bf2 Qf6 18. Rb1 Ne5 19. b3 Bf5 20. Nd3 Nxd3+ 21. Bxd3 Rfe8+ 22. Kf1 Rxa2 23. Qxa2 Bxd3+ 24. Kg1 Bxb1 25.
Qxb1 Qc3 26. h3 Qd2 27. Bg3 Re2 28. Qf1 Be5 29. Kh2 Bxg3+ 30. Kxg3 Qg5+ 31. Kh2 Qf4+ 32. Kg1 Rc2 0-1

[Event "*** Titled Tuesday Blitz"]
[Site "Chess.com"]
[Date "2020.11.10"]
[Round "5"]
[White "Chessalary"]
[Black "Gajuchess"]
[Result "1-0"]
[WhiteElo "2454"]
[BlackElo "2696"]
[TimeControl "180+1"]
[EndTime "10:58:05 PST"]
[Termination "Chessalary won on time"]

1. e4 c5 2. Nf3 e6 3. d4 cxd4 4.
Nxd4 a6 5. Bd3 Bc5 6. Nb3 Be7 7.
O-O d6 8. Nc3 Nf6 9. Qe2 Nbd7 10. f4 Qc7 11. Be3 b5 12. a3 Bb7 13. Rad1 Nc5 14.
Nxc5 dxc5 15. e5 Nd5 16. Nxd5 exd5 17. Bf2 g6 18. c3 Qc6 19. Qg4 h5 20. Qf3 O-O-O 21.
f5 gxf5 22. Bxf5+ Kb8 23. Rfe1 Rdf8 24. Bg3 h4 25. Bf4 Ka8 26. e6 Rhg8 27. exf7 Rxf7 28. Be6 1-0

[Event "*** Titled Tuesday Blitz"]
[Site "Chess.com"]
[Date "2020.11.10"]
[Round "5"]
[White "jens1102"]
[Black "Yashasd1995"]
[Result "0-1"]
[WhiteElo "2372"]
[BlackElo "2555"]
[TimeControl "180+1"]
[EndTime "10:58:05 PST"]
[Termination "Yashasd1995 won by resignation"]

1. Nf3 Nf6 2. g3 d5 3. Bg2 Nbd7 4. d4 e6 5. O-O Be7 6. c4 O-O 7. Nc3 c6 8. Bf4 dxc4 9. e4 b5 10. Qe2 b4 11. Nd1 Ba6 12. Nd2 Nb6 13. Be5 Nfd7 14. Ne3 Nxe5 15. dxe5 Qd3 16. Qxd3 cxd3 17. Rac1 c5 18.
b3 Rac8 19. Ndc4 Rfd8 20. Rfd1 Rd4 21. Rd2 Rcd8 22. Na5 Bb5 23. f4 h6 24. Kf2 R8d7 25. h4 g5 26. hxg5 hxg5 27. f5 Rc7 28. f6 Bf8 29.
Ng4 c4 30. bxc4 Nxc4 31. Nxc4 Rcxc4 32. Rxc4 Bxc4 33. Ke3 Bc5 34. Kf3 Bxa2 35. Rxa2 d2 36. Nf2 Rd3+ 37. Ke2 Bxf2 38. Rxd2 Rxd2+ 39. Kxd2 Bxg3 40.
Bf1 Bxe5 41. Kc2 Bxf6 42. Kb3 Bc3 43. Kc4 Kg7 44. Be2 Kf6 45. Bg4 Ke5 46. Kd3 0-1

[Event "*** Titled Tuesday Blitz"]
[Site "Chess.com"]
[Date "2020.11.10"]
[Round "5"]
[White "ChelsieMonica"]
[Black "Ave_Mariia"]
[Result "0-1"]
[WhiteElo "2339"]
[BlackElo "2517"]
[TimeControl "180+1"]
[EndTime "10:58:07 PST"]
[Termination "Ave_Mariia won by checkmate"]

1. c4 c5 2. g3 g6 3. Bg2 Bg7 4. Nf3 Nc6 5. O-O e6 6. Nc3 Nge7 7. e3 O-O 8. d4 cxd4 9. Nxd4 d5 10. cxd5 exd5 11.
b3 Nxd4 12. exd4 Nf5 13. Nxd5 Nxd4 14. Bb2 Nf3+ 15. Qxf3 Bxb2 16. Rad1 Bd7 17. Qe2 Bg7 18. Ne7+ Kh8 19. Bxb7 Rb8 20. Bc6 Bg4 21. Qxg4 Qxe7 22.
Rd7 Qc5 23. Bd5 f5 24. Qh4 f4 25. Kg2 Rbe8 26. g4 Qb5 27. Rd6 f3+ 28. Kh1 Qxf1# 0-1

[Event "*** Titled Tuesday Blitz"]
[Site "Chess.com"]
[Date "2020.11.10"]
[Round "5"]
[White "pastouche06"]
[Black "dosto07"]
[Result "1-0"]
[WhiteElo "2522"]
[BlackElo "2324"]
[TimeControl "180+1"]
[EndTime "10:58:07 PST"]
[Termination "pastouche06 won by resignation"]

1. d4 d5 2. c4 dxc4 3. e3 Nf6 4. Bxc4 e6 5. Nf3 c5 6. O-O a6 7. dxc5 Bxc5 8. Qxd8+ Kxd8 9. Ne5 Ke7 10. Be2 Nbd7 11.
Nd3 Bd6 12. Nd2 b5 13. a4 Bb7 14. Nb3 bxa4 15. Rxa4 Bc6 16. Ra1 Rhb8 17. Nd4 Bb7 18. Bd2 Ne4 19. Ba5 g6 20. Rfc1 Rc8 21. Nb4 Ndc5 22. f3 Nf6 23. Bb6 e5 24. Ndc6+ Bxc6 25. Bxc5 Bb7 26. Bxd6+ Kxd6 27. Rxc8 Rxc8 28. Bxa6 Bxa6 29.
Rxa6+ Kc5 30. Nd3+ Kc4 31. Nxe5+ Kd5 32. Rxf6 Kxe5 33.
Rxf7 Rc1+ 34. Kf2 Rc2+ 35. Kg3 Rxb2 36. Rxh7 Kf6 37. e4 1-0

[Event "*** Titled Tuesday Blitz"]
[Site "Chess.com"]
[Date "2020.11.10"]
[Round "5"]
[White "ecwinslow"]
[Black "DarZay"]
[Result "1-0"]
[WhiteElo "2219"]
[BlackElo "2052"]
[TimeControl "180+1"]
[EndTime "10:58:07 PST"]
[Termination "ecwinslow won by checkmate"]

1. e4 c5 2. Nf3 d6 3. d4 cxd4 4. Nxd4 Nf6 5. Nc3 Nc6 6. Bg5 e5 7. Ndb5 a6 8. Na3 b5 9. Nd5 Be7 10.
Bxf6 Bxf6 11. c3 O-O 12. Nc2 Bg5 13. a4 Rb8 14. axb5 axb5 15. h4 Be7 16. Bd3 f5 17.
exf5 Bxf5 18. Bxf5 Rxf5 19. Nce3 Rf8 20. Qg4 Bf6 21.
Ra6 Rc8 22. Nf5 Nd4 23. Rxd6 Qa5 24. Nxf6+ Rxf6 25. Qxg7# 1-0

[Event "*** Titled Tuesday Blitz"]
[Site "Chess.com"]
[Date "2020.11.10"]
[Round "5"]
[White "Roman_Ovetchkin"]
[Black "Rud_Makarian"]
[Result "0-1"]
[WhiteElo "2606"]
[BlackElo "2819"]
[TimeControl "180+1"]
[EndTime "10:58:08 PST"]
[Termination "Rud_Makarian won by resignation"]

1. d4 Nf6 2. c4 g6 3. Nc3 Bg7 4. e4 d6 5. h3 O-O 6. Nf3 Na6 7. Bg5 e5 8. d5 Nc5 9. Nd2 a5 10.
Be2 Bd7 11. O-O h6 12. Bh4 Qe8 13. b3 Nh7 14. a3 f5 15. b4 Na4 16. Nxa4 Bxa4 17.
Qc1 g5 18. Bg3 f4 19. Bh2 Bd7 20. c5 h5 21. f3 axb4 22. axb4 Rxa1 23. Qxa1 Nf6 24.
Rc1 g4 25. hxg4 hxg4 26. fxg4 Bxg4 27. Bxg4 Nxg4 28. Qc3 Ne3 29. Re1 Qg6 30. Rxe3 fxe3 31. Qxe3 Bh6 32. Qe2 Bxd2 33. Qxd2 Qxe4 34. Qg5+ Kf7 35.
Qh5+ Qg6 36. Qd1 Kg7 0-1

[Event "*** Titled Tuesday Blitz"]
[Site "Chess.com"]
[Date "2020.11.10"]
[Round "5"]
[White "Happy1712Drummer"]
[Black "azikom"]
[Result "1-0"]
[WhiteElo "2209"]
[BlackElo "2548"]
[TimeControl "180+1"]
[EndTime "10:58:08 PST"]
[Termination "Happy1712Drummer won on time"]

1. Nf3 c5 2. e4 e6 3. g3 a6 4. Bg2 b5 5. a4 b4 6. O-O Bb7 7. Re1 d6 8. d4 cxd4 9. Nxd4 Nd7 10. a5 Ngf6 11. e5 Bxg2 12. exf6 Bd5 13. fxg7 Bxg7 14. Nf5 Be5 15. Nxd6+ Bxd6 16. Qxd5 Nf6 17. Qc6+ Ke7 18. Bg5 h6 19. Bh4 Qc7 20. Qf3 Be5 21. Nd2 Rhg8 22.
Ne4 1-0

[Event "*** Titled Tuesday Blitz"]
[Site "Chess.com"]
[Date "2020.11.10"]
[Round "5"]
[White "AttractiveMustard"]
[Black "MarcoRiehle"]
[Result "0-1"]
[WhiteElo "2391"]
[BlackElo "2666"]
[TimeControl "180+1"]
[EndTime "10:58:08 PST"]
[Termination "MarcoRiehle won by checkmate"]

1. e4 e5 2. Nf3 Nf6 3. Nxe5 Nxe4 4. Qe2 Qe7 5. Qxe4 d6 6. d4 dxe5 7. Qxe5 Qxe5+ 8. dxe5 Bf5 9. Nc3 Nc6 10. Bb5 O-O-O 11. Bxc6 bxc6 12. Be3 Bxc2 13. O-O Kb7 14. Rac1 Bd3 15.
Rfd1 Be7 16. Na4 Be2 17. Re1 Bb5 18. Nc5+ Bxc5 19. Rxc5 Rd5 20. f4 Rhd8 21. Rec1 h5 22. Kf2 h4 23. h3 Rxc5 24. Rxc5 Rd1 25. Rc1 Rd3 26. Bc5 Rd2+ 27. Kf3 Rxb2 28. Re1 Rxa2 29. f5 Bc4 30. e6 Bd5+ 31. Kf4 fxe6 32. fxe6 Ra4+ 33.
Kg5 Ra5 34. e7 Bf7 35. Re5 Rb5 36. Kxh4 a5 37. Bd4 a4 38. Kg5 a3 39. h4 a2 40.
Rxb5+ cxb5 41. Bxg7 c5 42. h5 c4 43. h6 b4 44. h7 c3 45. h8=Q a1=Q 46. Be5 Qb1 47. Qb8+ Kc6 48. Qc7+ Kd5 49. Kf6 Qg6# 0-1